 Dungeon Crawl Stone Soup version 0.25-a0-663-gace7076f2c (webtiles) character file.

Game seed: 2663880477823835782, levelgen mode: deterministic

189 Flugkiller the Magician (level 5, -2/33 HPs)
             Began as an Octopode Wizard on Mar 25, 2020.
             Killed by divine providence
             ... invoked by an orc priest
              (14 damage)
             ... on level 5 of the Dungeon.
             The game lasted 00:05:44 (3733 turns).

Flugkiller the Magician (Octopode Wizard)           Turns: 3733, Time: 00:05:44

Health: -2/33      AC:  1    Str:  7    XL:     5   Next: 68%
Magic:  3/11       EV: 13    Int: 23    God:
Gold:   218        SH:  0    Dex: 10    Spells: 3/12 levels left

rFire    . . .     SeeInvis .   l - +2 dagger (venom)
rCold    . . .     Gourm    .   (no shield)
rNeg     . . .     Faith    .   a - +0 hat
rPois    .         Spirit   .   (no amulet)
rElec    .         Reflect  .   n - +2 ring of intelligence
rCorr    .         Harm     .   (no ring)
MR       .....                  (no ring)
Stlth    +++.......             (no ring)
HPRegen  0.11/turn              (no ring)
MPRegen  0.12/turn              (no ring)
                                (no ring)
                                (no ring)

@: no status effects
A: almost no armour, stealthy swim, amphibious, 8 rings, constrict 8, camouflage
1, gelatinous body 1
a: no special abilities


You were on level 5 of the Dungeon.
You were not hungry.

You visited 1 branch of the dungeon, and saw 5 of its levels.

You collected 218 gold pieces.

Inventory:

Hand Weapons
 g - a +1 quarterstaff of speed
   (You found it on level 3 of the Dungeon)
 l - a +2 dagger of venom (weapon)
   (You took it off a kobold on level 2 of the Dungeon)
 o - a +2 vorpal war axe
   (You found it on level 4 of the Dungeon)
Armour
 a - a +0 hat (worn)
 k - a cursed +0 buckler
   (You found it on level 2 of the Dungeon)
Jewellery
 n - a +2 ring of intelligence (left tentacle)
   (You found it on level 4 of the Dungeon)
Scrolls
 b - a scroll of remove curse {unknown}
 e - a scroll of amnesia
 f - a scroll of random uselessness {unknown}
 i - a scroll of teleportation
 m - a scroll of fear {unknown}
Potions
 d - 3 potions of curing {unknown}
 h - 2 potions of haste
 j - a potion of invisibility
 p - a potion of lignification {unknown}
 q - a potion of cancellation {unknown}
 r - a potion of degeneration {unknown}
Comestibles
 c - 7 rations


   Skills:
 - Level 1.0 Fighting
 - Level 2.0 Dodging
 - Level 3.0 Stealth
 - Level 4.0 Spellcasting
 + Level 3.1 Conjurations
 - Level 1.0 Summonings
   Level 1.0 Translocations
 - Level 1.1 Fire Magic
 - Level 1.1 Air Magic
 + Level 1.8 Poison Magic


You had 3 spell levels left.
You knew the following spells:

 Your Spells              Type           Power        Failure   Level  Hunger
a - Magic Dart            Conj           ###.         3%          1    None
b - Call Imp              Summ           #.......     11%         2    #......
c - Conjure Flame         Conj/Fire      ##......     13%         3    ##.....
d - Mephitic Cloud        Conj/Pois/Air  ##......     14%         3    ##.....

Your spell library contained the following spells:

 Spells                   Type           Power        Failure   Level  Hunger
 Blink                    Tloc           N/A          11%         2    #......
 Slow                     Hex            #.......     16%         2    #......


Dungeon Overview and Level Annotations

Branches:
Dungeon (5/15)
 Temple: D:4-7

Altars:
Makhleb


Innate Abilities, Weirdness & Mutations

You cannot wear most types of armour.
You are very stealthy in the water. (Stealth+)
You are amphibious.
You can wear up to eight rings at the same time.
You can use your tentacles to constrict eight enemies at once.
Your skin changes colour to match your surroundings (Stealth+).
Your rubbery body absorbs attacks. (AC +1, EV +1)


Message History

Press: ? - help, Shift-Dir - straight line, f/p - phantom
Aim: a phantom (moderately damaged)
The magic dart hits the phantom.
The phantom is moderately damaged.
The phantom blinks!
Casting: Magic Dart (safe; 3% risk of failure)
Confirm with . or Enter, or press ? or * to list all spells.
Aiming: Magic Dart (safe; 3% risk of failure)
Press: ? - help, Shift-Dir - straight line, f/p - phantom
Aim: a phantom (moderately damaged)
The magic dart hits the phantom.
The phantom is heavily damaged.
Casting: Magic Dart (safe; 3% risk of failure)
Confirm with . or Enter, or press ? or * to list all spells.
Aiming: Magic Dart (safe; 3% risk of failure)
Press: ? - help, Shift-Dir - straight line, f/p - phantom
Aim: a phantom (heavily damaged)
The magic dart hits the phantom but does no damage.
The phantom is heavily damaged.
Casting: Magic Dart (safe; 3% risk of failure)
Confirm with . or Enter, or press ? or * to list all spells.
You don't have enough magic to cast that spell.
You miss the phantom.
The phantom is heavily damaged.
The phantom barely misses you.
You closely miss the phantom.
The phantom is heavily damaged.
The phantom blinks!
No target in view!
The phantom blinks!
Casting: Magic Dart (safe; 3% risk of failure)
Confirm with . or Enter, or press ? or * to list all spells.
Aiming: Magic Dart (safe; 3% risk of failure)
Press: ? - help, Shift-Dir - straight line, f/p - phantom
Aim: a phantom (heavily damaged)
The magic dart hits the phantom.
The phantom is heavily damaged.
The phantom hits you!
The phantom blinks!
Found a ration.
You hit the phantom but do no damage.
The phantom is heavily damaged.
The phantom blinks!
An orc and an orc priest come into view.
The phantom blinks!
The orc priest invokes the aid of Beogh against you.
Beogh smites you!
* * * LOW HITPOINT WARNING * * *
The orc priest mumbles some strange prayers to Beogh against you.
Beogh smites you!
You die...

########### ..........#
#########.# #.######### ...
#.......@.# ..# #.#######.###
..## #<#.(...#.#.. ...
####.##.##.#.#.# ..####.
#.##.##.##.#.#.# .......
####.##.##.##.#.#.###...##%.
###....##.##.##.#o#...........
....>.................o%......
##...#.#####.##.#.#####....#..


You could see an orc priest.

Vanquished Creatures
  A howler monkey (D:4)
  A crimson imp (D:5)
  3 adders (D:3)
  A shadow imp (D:5)
  A worm (D:2)
  A dart slug (D:1)
  2 leopard geckos (D:1)
  7 bats
  4 giant cockroaches
  4 goblins
  8 hobgoblins
  9 jackals
  3 kobolds
  A quokka (D:3)
  A ball python (D:1)
  4 frilled lizards
  9 rats
60 creatures vanquished.

Vanquished Creatures (collateral kills)
  A worker ant (D:4)
  An adder (D:2)
2 creatures vanquished.

Grand Total: 62 creatures vanquished

Notes
Turn   | Place    | Note
-------+----------+-------------------------------------------
     0 | D:1      | Flugkiller the Octopode Wizard began the quest for the Orb.
     0 | D:1      | Reached XP level 1. HP: 11/11 MP: 4/4
   328 | D:1      | Reached XP level 2. HP: 10/17 MP: 1/6
   483 | D:1      | Reached skill level 1 in Fighting
   617 | D:1      | Reached XP level 3. HP: 18/23 MP: 0/7
  1266 | D:1      | Learned a level 2 spell: Call Imp
  1270 | D:1      | Learned a level 3 spell: Conjure Flame
  1974 | D:2      | Found a burning altar of Makhleb.
  2172 | D:3      | Reached XP level 4. HP: 22/28 MP: 6/9
  2295 | D:3      | Reached skill level 1 in Fire Magic
  2382 | D:3      | Learned a level 3 spell: Mephitic Cloud
  3157 | D:4      | Reached skill level 1 in Air Magic
  3157 | D:4      | Reached skill level 1 in Poison Magic
  3157 | D:4      | Reached XP level 5. HP: 33/33 MP: 3/10
  3616 | D:5      | Entered Level 5 of the Dungeon
  3632 | D:5      | Reached skill level 4 in Spellcasting
  3687 | D:5      | Noticed a phantom
  3733 | D:5      | Killed from afar by an orc priest

Levels and vault maps discovered:
D:1:      lightli_arrival_quake, layout_basic, minmay_misc_feat_enclosed,
          serial_bayou_pond_c
D:2:      layout_rooms, bloody_makhleb
D:3:      layout_loops_cross
D:4:      layout_loops_ring
D:5:      layout_basic, minmay_temple_entry_tees, first_ration, minivault_26

Skill      XL: |  1  2  3  4  5 |
---------------+----------------+-----
Conjurations   | 2 3 |  3.1
Fighting       | 1 |  1.0
Stealth        | 3 |  3.0
Fire Magic     | 1 |  1.1
Air Magic      | 1 |  1.1
Poison Magic   | 1 |  1.8
Spellcasting   | 4 |  4.0
Dodging        | |  2.0
Summonings     | |  1.0
Translocations | |  1.0

Action                   |  1- 3 |  4- 6 || total
-------------------------+-------+-------++-------
Melee: Unarmed           |    43 |       ||    43
       Constrict         |    13 |     7 ||    20
       Tentacles         |     6 |     5 ||    11
       Dagger            |    12 |    30 ||    42
 Cast: Magic Dart        |    73 |    43 ||   116
       Call Imp          |     4 |     2 ||     6
       Conjure Flame     |       |     1 ||     1
  Use: Scroll            |     2 |     2 ||     4
 Stab: Sleeping          |       |     3 ||     3
  Eat: Chunk             |     4 |     3 ||     7
       Ration            |       |     1 ||     1
Armor: Skin              |     6 |     1 ||     7
Dodge: Dodged            |    51 |    14 ||    65

Table legend:
 A = Non-vault XP
 B = Vault XP
 C = Vault XP percentage of total XP
 D = Non-vault monster count
 E = Vault monster count
 F = Vault count percentage of total count
                 A         B        C        D         E       F
            +---------+---------+-------+---------+---------+-------
      Total |     271 |       0 |   0.0 |      62 |       0 |   0.0
            +---------+---------+-------+---------+---------+-------
        D:1 |      41 |       0 |   0.0 |      23 |       0 |   0.0
        D:2 |      33 |       0 |   0.0 |      14 |       0 |   0.0
        D:3 |      69 |       0 |   0.0 |      21 |       0 |   0.0
        D:4 |      69 |       0 |   0.0 |       2 |       0 |   0.0
        D:5 |      59 |       0 |   0.0 |       2 |       0 |   0.0
            +---------+---------+-------+---------+---------+-------
